 Dungeon Crawl Stone Soup version 0.17-a0-2098-gf59d6bc (webtiles) character file.

54 septik the Magician (level 3, 0/24 HPs)
             Began as a Mummy Wizard on Oct 17, 2015.
             Killed by divine providence
             ... invoked by an orc priest
              (13 damage)
             ... on level 3 of the Dungeon.
             The game lasted 00:09:57 (2885 turns).

septik the Magician (Mummy Wizard)                  Turns: 2885, Time: 00:09:57

Health: 0/24       AC:  2    Str: 10    XL:     3   Next: 66%
Magic:  3/16       EV: 12    Int: 18    God:
Gold:   131        SH:  0    Dex: 10    Spells: 2 memorised, 5 levels left

rFire  x . .     SeeInvis .     g - +0 dagger
rCold  + . .     Clarity  .     a - +0 robe
rNeg   + + +     SustAt   .     (no shield)
rPois  ∞         Gourm    .     b - +0 hat
rElec  .         Spirit   .     (no cloak)
rCorr  .         Warding  .     (no gloves)
rMut   .         Stasis   .     (no boots)
MR     .....                    (no amulet)
Stlth  ++........               (no ring)
                                k - ring of magical power

@: very slightly contaminated, not resistant to hostile enchantments, unstealthy
A: no food or potions, fire vulnerability, cold resistance 1, negative energy
resistance 3, torment resistance, unbreathing
a: no special abilities


You were on level 3 of the Dungeon.
You were not hungry.

You visited 1 branch of the dungeon, and saw 3 of its levels.

You collected 131 gold pieces.

Inventory:

Hand Weapons
 g - a +0 dagger (weapon)
 j - a +0 dagger of protection
Missiles
 d - 2 throwing nets (quivered)
Armour
 a - a +0 robe (worn)
 b - a +0 hat (worn)
 e - a +0 robe
 l - an ice dragon hide
Jewellery
 k - a ring of magical power (left hand)
Scrolls
 f - a scroll of fear {unknown}
 h - a scroll of magic mapping {unknown}
 i - a scroll of remove curse {unknown}
Books
 c - a book of Minor Magic

   Spells                             Type                      Level
   a - Magic Dart                     Conjuration                  1
   b - Blink                          Translocation                2
   c - Call Imp                       Summoning                    2
   d - Repel Missiles                 Charms/Air                   2
   e - Slow                           Hexes                        2
   f - Conjure Flame                  Conjuration/Fire             3
   g - Mephitic Cloud                 Conjuration/Poison/Air       3


   Skills:
 - Level 1.5 Dodging
 - Level 1.5 Stealth
 - Level 3.2 Spellcasting
 - Level 1.2 Conjurations
 * Level 2.4 Summonings
   Level 0.7 Translocations


You had 5 spell levels left.
You knew the following spells:

 Your Spells              Type           Power        Failure   Level  Hunger
a - Magic Dart            Conj           #...         12%         1    N/A
b - Call Imp              Summ           ##......     12%         2    N/A

Dungeon Overview and Level Annotations

Branches:
Dungeon (3/15)

Altars:
Cheibriados
Yredelemnul


Innate Abilities, Weirdness & Mutations

You do not eat or drink.
Your flesh is vulnerable to fire.
You are immune to poison.
Your flesh is cold resistant.
You are immune to negative energy.
You are immune to unholy pain and torment.
You can survive without breathing.


Message History

Your crimson imp closely misses the orc wizard.
The orc wizard points at your crimson imp and mumbles some strange words.
Your crimson imp easily resists.
Casting: Call Imp
Confirm with . or Enter, or press ? or * to list all spells.
You miscast Call Imp.
You are very lightly contaminated with residual magic.
A fistful of eyes flickers past your view.
Something hits your crimson imp!
Your crimson imp hits the orc wizard.
The orc wizard dies!
An orc priest comes into view. It is wielding a whip.
Casting: Call Imp
Confirm with . or Enter, or press ? or * to list all spells.
A beastly little devil appears in a puff of flame.
Your crimson imp blinks!
The orc completely misses your crimson imp.
The orc priest mumbles some strange prayers to Beogh against you.
Something smites you!
Ouch! That really hurt!
You die...

.# ######o#
#)..5o.#
#o######
#o# #5#
##### #.#
##...##
#5###....<#
#.@5......#
#####.....#
##...##
##.## #.#
#.# #.# .#


You could see an orc priest, an orc and 3 friendly crimson imps.

Vanquished Creatures
  A giant cockroach (D:2)
  2 goblins (D:1)
  4 hobgoblins
  5 bats
  2 kobolds
  5 rats
19 creatures vanquished.

Vanquished Creatures (collateral kills)
  An orc wizard (D:3)
  An adder (D:2)
  A shadow imp (D:1)
  A giant gecko (D:2)
  An orc (D:3)
  A bat (D:1)
  A giant cockroach (D:1)
  2 goblins (D:1)
  4 hobgoblins (D:1)
  2 kobolds
  A quokka (D:2)
16 creatures vanquished.

Grand Total: 35 creatures vanquished

Notes
Turn   | Place    | Note
--------------------------------------------------------------
     0 | D:1      | septik the Mummy Wizard began the quest for the Orb.
     0 | D:1      | Reached XP level 1. HP: 13/13 MP: 4/4
   146 | D:1      | Reached skill level 1 in Conjurations
   329 | D:1      | Reached XP level 2. HP: 19/19 MP: 0/6
   333 | D:1      | Learned a level 2 spell: Call Imp
   624 | D:1      | Reached skill level 1 in Summonings
  1761 | D:2      | Found a basalt altar of Yredelemnul.
  1921 | D:2      | Reached XP level 3. HP: 20/24 MP: 1/7
  2170 | D:2      | Found a snail-covered altar of Cheibriados.
  2885 | D:3      | Killed from afar by an orc priest

Vault maps used:
D:1:      dpeg_arrival_leaves_temple_mockup, serial_glass, glass_columns_c,
          glass_columns_a
D:2:      kennysheep_big_flooded_room, lemuel_round_altar,
          nicolae_overflow_hidden_temple, first_bread, grunt_ministairs_12
D:3:      grunt_dithmenos_smoke_and_mirrors, minmay_misc_feat_x,
          grunt_ministairs_10, kennysheep_generic_room_2, uniq_robin

Action                   || total
-------------------------++-------
Melee: Dagger            ||    22
 Cast: Magic Dart        ||    46
       Call Imp          ||    30
